Login

Bunnies vs Trash Pandas

Created - November 26, 2023 at 12:12

Goals
1 2 3 T
Bunnies 1 2 0 3
Trash Pandas 0 0 0 0
Shots
1 2 3 T
Bunnies 3 10 5 18
Trash Pandas 6 12 4 22

GoalsPenalties
1st period
1. Bunnies , Matt Duchene 4 (Jamie Benn 4, Nazem Kadri 2) at 12:17
Nazem Kadri (KOK) for Holding (Minor) at 8:33
2nd period
2. Bunnies , Patrice Bergeron 4 (Rickard Rakell 5, Jamie Benn 5) at 8:44 (PP)
3. Bunnies , Matt Duchene 5 (Nick Suzuki 6, Erik Karlsson 6) at 9:23 (PP)
Raccoon Willie (ABE) for Roughing (Minor) at 1:16
Brenden Dillon (KOK) for Hooking (Minor) at 5:05
Erik Gudbranson (ABE) for High sticking (Double Minor) at 8:03
Connor Murphy (ABE) for Holding (Minor) at 13:34
3rd period
No Goal
Connor Murphy (ABE) for Tripping (Minor) at 4:48
Connor Murphy (ABE) for Boarding (Minor) at 10:19
Goalie Stats
Joonas Korpisalo (KOK), 22 saves from 22 shots - (1.000), W, 10-6-1, 60:00 minutes
Jordan Binnington (ABE), 15 saves from 18 shots - (0.833), L, 2-3-1, 60:00 minutes
3 StarsOfficial
1 - Joonas Korpisalo (KOK)
2 - Matt Duchene (KOK)
3 - Jamie Benn (KOK)
Referees : Unknown
Linesman : Unknown
Game Note
No Game Note
Finance
Level 1 -- Attendance: 4182 (69.70%) -- Ticket Income $418,200
Level 2 -- Attendance: 3937 (78.74%) -- Ticket Income $236,220
Level 3 -- Attendance: 1490 (74.50%) -- Ticket Income $52,150
Level 4 -- Attendance: 3128 (78.20%) -- Ticket Income $78,200
Luxury Box -- Attendance: 923 (92.30%) -- Ticket Income $184,600
Game was played at the Balmoral Castle.
Total Attendance: 13660 (75.89%)
Total Ticket Income: $969,370
Other Income: $387,748
Total Income: $1,357,118



Team Name Goals Shots Shots Attemp Shots Blocked PIM HIT PP PK FO%
Bunnies 31841104152 / 6 (33%)051%
Trash Pandas 02250812240 / 2 (0%)249%

Bunnies
Player Name POS G A P +/- PIM HIT SHT SB MP PP MP PP SHT PK MP PK SHT FO% FOT
Anthony DeangeloD0000000018:384:5900:4600% 0
Brayden SchennC/LW0000001011:430:0001:470100% 2
Brenden DillonD0000230110:120:0000:5800% 0
David SavardD0001000216:090:0002:1300% 0
Erik KarlssonD0110011024:154:1710:0100% 0
Filip HronekD0000011214:594:1710:0000% 0
Jamie BennC/LW0221014118:194:1522:11163% 16
Jeff PetryD0000030019:374:5901:4500% 0
Johnny GaudreauLW0000010015:030:0000:0000% 0
Matt DucheneC/RW2021003216:545:0110:0000% 3
Nazem KadriC/LW0111200014:080:4400:000100% 1
Nick JensenD0001000116:090:0002:1300% 0
Nick SuzukiC0110021121:314:1712:11042% 26
Nipples TenderloinLW/RW0000022024:195:0101:47033% 3
Patrice BergeronC1010001014:564:1510:00055% 11
Rickard RakellLW/RW0110012014:564:1510:0000% 1
Tyler SeguinC/RW000000009:090:0000:00057% 7
Vladimir TarasenkoRW0000002015:030:0000:000100% 1
Trash Pandas
Player Name POS G A P +/- PIM HIT SHT SB MP PP MP PP SHT PK MP PK SHT FO% FOT
Anders LeeLW0000031017:022:1400:000100% 1
Ben ChiarotD000-1031124:201:5415:2100% 0
Connor MurphyD0000620221:081:2302:0000% 0
Erik GudbransonD0000422223:241:5413:4300% 0
Erik JohnsonD0000020221:230:0003:3500% 0
Jonathan ToewsC000-1001018:542:1403:19061% 23
Kevin BahlD000-1011013:080:4100:1600% 0
Martin PospisilC/LW/RW000-1010015:421:4400:0300% 0
Max PaciorettyLW0000030013:170:0000:0000% 1
Morgan GeekieC/RW000000000:350:0000:0000% 0
Raccoon WillieRW000-1214019:511:4400:3600% 0
Ryan O'ReillyC0000004018:380:0005:21059% 27
Ryan StromeC000000105:200:0000:00033% 6
Sean KuralyLW0000011011:140:0005:5400% 0
Sean MonahanC0000012119:511:4403:19117% 12
Shayne GostisbehereD0000001016:332:0413:3700% 0
Tanner PearsonLW0000030013:170:0000:0000% 0
Taylor HallLW/RW0000013017:022:1410:0000% 1

Bunnies

5 vs 5 Forward
Line #Left WingCenterRight WingPHYDFOFWanted %Time %Time Play
1Nipples TenderloinPatrice BergeronRickard Rakell0142623%10:41
2Nazem KadriJamie BennMatt Duchene2032525%11:53
3Johnny GaudreauNick SuzukiVladimir Tarasenko0142532%15:03
4Brayden SchennTyler SeguinNipples Tenderloin1222420%9:09
5 vs 5 Defense
Line #DefenseDefensePHYDFOFWanted %Time %Time Play
1Erik KarlssonFilip Hronek0142623%10:42
2Jeff PetryAnthony Deangelo0142528%12:53
3Nick JensenDavid Savard1132530%13:56
4Erik KarlssonBrenden Dillon1132420%9:15
Power Play Forward
Line #Left WingCenterRight WingPHYDFOFWanted %Time %Time Play
1Jamie BennPatrice BergeronRickard Rakell0055046%4:15
2Nipples TenderloinNick SuzukiMatt Duchene0055054%5:01
Power Play Defense
Line #DefenseDefensePHYDFOFWanted %Time %Time Play
1Erik KarlssonFilip Hronek1135046%4:17
2Anthony DeangeloJeff Petry1135054%4:59
Penalty Kill 4 Players Forward
Line #CenterWingPHYDFOFWanted %Time %Time Play
1Nick SuzukiJamie Benn1135555%2:11
2Brayden SchennNipples Tenderloin1134545%1:47
Penalty Kill 4 Players Defense
Line #DefenseDefensePHYDFOFWanted %Time %Time Play
1Nick JensenDavid Savard1315556%2:13
2Brenden DillonJeff Petry1314544%1:45
Penalty Kill 3 Players
Line #WingPHYDFOFWanted %Time %Time PlayDefenseDefensePHYDFOFWanted %Time %Time Play
1Nipples Tenderloin122550%0:00 Nick JensenDavid Savard122550%0:00
2Patrice Bergeron122450%0:00 Brenden DillonJeff Petry122450%0:00
4 vs 4 Forward
Line #CenterWingPHYDFOFWanted %Time %Time Play
1Nipples TenderloinJohnny Gaudreau122550%0:00
2Matt DucheneVladimir Tarasenko122450%0:00
4 vs 4 Defense
Line #DefensePHYDFOFWanted %Time %Time Play
1Brenden DillonAnthony Deangelo122550%0:00
2Erik KarlssonFilip Hronek122450%0:00
Last Minutes Offensive
Left WingCenterRight WingDefenseDefense
Johnny GaudreauJamie BennNipples TenderloinErik KarlssonAnthony Deangelo
Last Minutes Defensive
Left WingCenterRight WingDefenseDefense
Brayden SchennNazem KadriTyler SeguinJeff PetryDavid Savard
Time
Total ForwardTotal DefenseLast Minutes OffensiveLast Minutes Defensive
60:00 60:00 0:000:00
Extra Forwards
Normal PowerPlayPenalty Kill
Nazem Kadri, Brayden Schenn, Johnny GaudreauVladimir Tarasenko, Johnny GaudreauNazem Kadri
Extra Defensemen
Normal PowerPlayPenalty Kill
Brenden Dillon, Nick Jensen, David SavardBrenden Dillon, Anthony DeangeloErik Karlsson
Penalty Shots
Nipples Tenderloin, Rickard Rakell, Tyler Seguin, Nick Suzuki, Anthony Deangelo
Goalie
Joonas Korpisalo, Semyon Varlamov
Custom OT Lines Forwards
Nipples Tenderloin, Johnny Gaudreau, Matt Duchene, Rickard Rakell, Jamie Benn, Nick Suzuki, Brayden Schenn, Nazem Kadri, Vladimir Tarasenko, Tyler Seguin
Custom OT Lines Defensemen
Erik Karlsson, Filip Hronek, Anthony Deangelo, Brenden Dillon, Nick Jensen
Scratches
Radko Gudas (Healthy)

Trash Pandas

5 vs 5 Forward
Line #Left WingCenterRight WingPHYDFOFWanted %Time %Time Play
1Martin PospisilJonathan ToewsRaccoon Willie1133029%13:21
2Anders LeeSean MonahanTaylor Hall1132832%14:48
3Tanner PearsonRyan O'ReillyMax Pacioretty1132628%13:17
4Sean KuralyRyan StromeRaccoon Willie1131611%5:20
5 vs 5 Defense
Line #DefenseDefensePHYDFOFWanted %Time %Time Play
1Connor MurphyBen Chiarot1223017%8:03
2Erik GudbransonErik Johnson1222838%17:48
3Kevin BahlBen Chiarot1222622%10:30
4Connor MurphyShayne Gostisbehere1221622%10:25
Power Play Forward
Line #Left WingCenterRight WingPHYDFOFWanted %Time %Time Play
1Martin PospisilSean MonahanRaccoon Willie1135544%1:44
2Anders LeeJonathan ToewsTaylor Hall1134556%2:14
Power Play Defense
Line #DefenseDefensePHYDFOFWanted %Time %Time Play
1Connor MurphyShayne Gostisbehere1225552%2:04
2Erik GudbransonBen Chiarot1224548%1:54
Penalty Kill 4 Players Forward
Line #CenterWingPHYDFOFWanted %Time %Time Play
1Ryan O'ReillySean Kuraly1225564%5:57
2Jonathan ToewsSean Monahan1224536%3:19
Penalty Kill 4 Players Defense
Line #DefenseDefensePHYDFOFWanted %Time %Time Play
1Connor MurphyBen Chiarot1225561%5:41
2Erik GudbransonErik Johnson1224539%3:35
Penalty Kill 3 Players
Line #WingPHYDFOFWanted %Time %Time PlayDefenseDefensePHYDFOFWanted %Time %Time Play
1Ryan O'Reilly122550%0:00 Connor MurphyBen Chiarot122550%0:00
2Jonathan Toews122450%0:00 Erik GudbransonErik Johnson122450%0:00
4 vs 4 Forward
Line #CenterWingPHYDFOFWanted %Time %Time Play
1Ryan O'ReillyRaccoon Willie113550%0:00
2Jonathan ToewsMartin Pospisil113450%0:00
4 vs 4 Defense
Line #DefensePHYDFOFWanted %Time %Time Play
1Connor MurphyBen Chiarot122550%0:00
2Erik GudbransonErik Johnson122450%0:00
Last Minutes Offensive
Left WingCenterRight WingDefenseDefense
Max PaciorettySean MonahanRaccoon WillieConnor MurphyShayne Gostisbehere
Last Minutes Defensive
Left WingCenterRight WingDefenseDefense
Sean KuralyRyan O'ReillyRaccoon WillieConnor MurphyBen Chiarot
Time
Total ForwardTotal DefenseLast Minutes OffensiveLast Minutes Defensive
60:00 60:00 0:000:00
Extra Forwards
Normal PowerPlayPenalty Kill
Max Pacioretty, Tanner Pearson, Raccoon WillieTanner Pearson, Max PaciorettyRaccoon Willie
Extra Defensemen
Normal PowerPlayPenalty Kill
Kevin Bahl, Shayne Gostisbehere, Erik GudbransonKevin Bahl, Shayne GostisbehereErik Gudbranson
Penalty Shots
Ben Chiarot, Raccoon Willie, Erik Gudbranson, Sean Monahan, Taylor Hall
Goalie
Jordan Binnington, Casey DeSmith
Custom OT Lines Forwards
Raccoon Willie, Max Pacioretty, Sean Monahan, Martin Pospisil, Taylor Hall, Jonathan Toews, Ryan Strome, Tanner Pearson, Anders Lee, Ryan O'Reilly
Custom OT Lines Defensemen
Shayne Gostisbehere, Connor Murphy, Ben Chiarot, Erik Johnson, Erik Gudbranson
Scratches
Jaden Schwartz (Healthy), Mikael Granlund (Healthy), Isac Lundestrom (Healthy)


Play-by-Play

1st period


0:01 of 1st period - Patrice Bergeron wins face-off versus Jonathan Toews in neutral zone.
0:58 of 1st period - Off-side.
0:59 of 1st period - Ryan O'Reilly wins face-off versus Nick Suzuki in neutral zone.
1:16 of 1st period - Shot by Max Pacioretty.
1:16 of 1st period - Shot Blocked by Nick Jensen.
1:36 of 1st period - Shot by Nick Suzuki.
1:36 of 1st period - Shot Misses the Net.
1:51 of 1st period - Tanner Pearson is hit by Jamie Benn and loses puck.
2:01 of 1st period - Icing by Max Pacioretty.
2:02 of 1st period - Ryan O'Reilly wins face-off versus Tyler Seguin in Trash Pandas zone.
2:39 of 1st period - Shot by Taylor Hall.
2:39 of 1st period - Shot Misses the Net.
4:10 of 1st period - Martin Pospisil is hit by Johnny Gaudreau and loses puck.
4:16 of 1st period - Erik Gudbranson is hit by Nick Suzuki and loses puck.
4:45 of 1st period - Icing by Ben Chiarot.
4:46 of 1st period - Tyler Seguin wins face-off versus Ryan O'Reilly in Trash Pandas zone.
5:17 of 1st period - Shot by Tyler Seguin.
5:17 of 1st period - Shot Misses the Net.
5:46 of 1st period - Shayne Gostisbehere is hit by Jeff Petry and loses puck.
6:11 of 1st period - Shot by Sean Monahan.
6:11 of 1st period - Shot Blocked by Matt Duchene.
6:13 of 1st period - Shot by Sean Monahan.
6:13 of 1st period - Stopped by Joonas Korpisalo without a rebound.
6:14 of 1st period - Jonathan Toews wins face-off versus Nick Suzuki in Bunnies zone.
6:15 of 1st period - Shot by Raccoon Willie.
6:15 of 1st period - Shot Misses the Net.
6:22 of 1st period - Vladimir Tarasenko is hit by Ben Chiarot.
6:33 of 1st period - Nick Suzuki is hit by Ben Chiarot and loses puck.
7:03 of 1st period - Shot by Sean Monahan.
7:03 of 1st period - Shot Misses the Net.
7:43 of 1st period - Shot by Ryan O'Reilly.
7:43 of 1st period - Stopped by Joonas Korpisalo with a rebound.
7:45 of 1st period - Shot by Ryan O'Reilly.
7:45 of 1st period - Shot Misses the Net.
7:47 of 1st period - Shot by Tanner Pearson.
7:47 of 1st period - Shot Blocked by Filip Hronek.
7:49 of 1st period - Shot by Connor Murphy.
7:49 of 1st period - Shot Blocked by Filip Hronek.
8:33 of 1st period - Minor Penalty to Nazem Kadri for Holding.
8:34 of 1st period - Jonathan Toews wins face-off versus Nick Suzuki in Bunnies zone.
8:46 of 1st period - Off-side.
8:47 of 1st period - Nick Suzuki wins face-off versus Sean Monahan in neutral zone.
9:38 of 1st period - Shot by Jonathan Toews.
9:38 of 1st period - Shot Misses the Net.
9:42 of 1st period - Shot by Jonathan Toews.
9:42 of 1st period - Shot Misses the Net.
9:44 of 1st period - Shot by Shayne Gostisbehere.
9:44 of 1st period - Stopped by Joonas Korpisalo without a rebound.
9:45 of 1st period - Brayden Schenn wins face-off versus Jonathan Toews in Bunnies zone.
9:56 of 1st period - Shot by Shayne Gostisbehere.
9:56 of 1st period - Shot Misses the Net.
10:18 of 1st period - Taylor Hall is hit by Brenden Dillon and loses puck.
10:25 of 1st period - Shot by Jamie Benn.
10:25 of 1st period - Stopped by Jordan Binnington without a rebound.
10:26 of 1st period - Brayden Schenn wins face-off versus Sean Monahan in Trash Pandas zone.
10:38 of 1st period - Patrice Bergeron is hit by Erik Gudbranson and loses puck.
10:57 of 1st period - Nipples Tenderloin is hit by Max Pacioretty and loses puck.
11:19 of 1st period - Icing by Erik Johnson.
11:20 of 1st period - Ryan O'Reilly wins face-off versus Nick Suzuki in Trash Pandas zone.
11:45 of 1st period - Icing by Erik Johnson.
11:46 of 1st period - Jamie Benn wins face-off versus Ryan O'Reilly in Trash Pandas zone.
12:17 of 1st period - Shot by Matt Duchene.
12:17 of 1st period - Goal by Matt Duchene - Bunnies : 1 - Trash Pandas : 0.
12:18 of 1st period - Sean Monahan wins face-off versus Nick Suzuki in neutral zone.
12:43 of 1st period - Shot by Nick Suzuki.
12:43 of 1st period - Deflect By Johnny Gaudreau.
12:43 of 1st period - Shot Misses the Net.
12:45 of 1st period - Shot by Nick Suzuki.
12:45 of 1st period - Deflect By Johnny Gaudreau.
12:45 of 1st period - Shot Hit the Post.
13:01 of 1st period - Shot by Johnny Gaudreau.
13:01 of 1st period - Deflect By Vladimir Tarasenko.
13:01 of 1st period - Stopped by Jordan Binnington with a rebound.
14:01 of 1st period - Off-side.
14:02 of 1st period - Ryan Strome wins face-off versus Jamie Benn in neutral zone.
14:07 of 1st period - Shot by Raccoon Willie.
14:07 of 1st period - Deflect By Ryan Strome.
14:07 of 1st period - Stopped by Joonas Korpisalo without a rebound.
14:08 of 1st period - Ryan O'Reilly wins face-off versus Jamie Benn in Bunnies zone.
14:55 of 1st period - Erik Karlsson is hit by Erik Johnson and loses puck.
15:52 of 1st period - Taylor Hall is hit by Jeff Petry and loses puck.
16:00 of 1st period - Off-side.
16:01 of 1st period - Jonathan Toews wins face-off versus Nick Suzuki in neutral zone.
16:15 of 1st period - Nick Suzuki is hit by Kevin Bahl and loses puck.
17:12 of 1st period - Shot by Shayne Gostisbehere.
17:12 of 1st period - Shot Misses the Net.
17:42 of 1st period - Nick Jensen is hit by Sean Kuraly and loses puck.
17:51 of 1st period - Shot by Raccoon Willie.
17:51 of 1st period - Stopped by Joonas Korpisalo without a rebound.
17:52 of 1st period - Patrice Bergeron wins face-off versus Ryan O'Reilly in Bunnies zone.
17:52 of 1st period - Patrice Bergeron is hit by Tanner Pearson.
18:36 of 1st period - Icing by Rickard Rakell.
18:37 of 1st period - Nipples Tenderloin wins face-off versus Sean Monahan in Bunnies zone.
18:39 of 1st period - Icing by Rickard Rakell.
18:40 of 1st period - Patrice Bergeron wins face-off versus Sean Monahan in Bunnies zone.
18:40 of 1st period - Patrice Bergeron is hit by Taylor Hall.
18:59 of 1st period - Icing by Erik Gudbranson.
19:00 of 1st period - Vladimir Tarasenko wins face-off versus Sean Monahan in Trash Pandas zone.
19:08 of 1st period - Vladimir Tarasenko is hit by Anders Lee and loses puck.
19:17 of 1st period - Shot by Erik Gudbranson.
19:17 of 1st period - Stopped by Joonas Korpisalo without a rebound.
19:18 of 1st period - Jonathan Toews wins face-off versus Matt Duchene in Bunnies zone.
19:49 of 1st period - Shot by Nazem Kadri.
19:49 of 1st period - Shot Misses the Net.
Goals for this period are 1 for Bunnies vs 0 for Trash Pandas.
Shots for this period are 3 for Bunnies vs 6 for Trash Pandas.

2nd period


0:01 of 2nd period - Jonathan Toews wins face-off versus Tyler Seguin in neutral zone.
0:28 of 2nd period - Shot by Martin Pospisil.
0:28 of 2nd period - Deflect By Raccoon Willie.
0:28 of 2nd period - Stopped by Joonas Korpisalo without a rebound.
0:29 of 2nd period - Nick Suzuki wins face-off versus Sean Monahan in Bunnies zone.
0:42 of 2nd period - Shot by Nick Suzuki.
0:42 of 2nd period - Shot Blocked by Erik Gudbranson.
1:16 of 2nd period - Minor Penalty to Raccoon Willie for Roughing.
1:17 of 2nd period - Patrice Bergeron wins face-off versus Ryan O'Reilly in Trash Pandas zone.
2:14 of 2nd period - Icing by Jeff Petry.
2:15 of 2nd period - Jonathan Toews wins face-off versus Nick Suzuki in Bunnies zone.
2:34 of 2nd period - Shot by Nipples Tenderloin.
2:34 of 2nd period - Shot Misses the Net.
3:12 of 2nd period - Icing by Anthony Deangelo.
3:13 of 2nd period - Ryan O'Reilly wins face-off versus Nick Suzuki in Bunnies zone.
3:28 of 2nd period - Shot by Raccoon Willie.
3:28 of 2nd period - Shot Misses the Net.
3:30 of 2nd period - Shot by Kevin Bahl.
3:30 of 2nd period - Stopped by Joonas Korpisalo without a rebound.
3:31 of 2nd period - Anders Lee wins face-off versus Nipples Tenderloin in Bunnies zone.
4:07 of 2nd period - Shot by Patrice Bergeron.
4:07 of 2nd period - Shot Misses the Net.
4:22 of 2nd period - Off-side.
4:23 of 2nd period - Nick Suzuki wins face-off versus Jonathan Toews in neutral zone.
4:42 of 2nd period - Jonathan Toews is hit by Brenden Dillon and loses puck.
4:45 of 2nd period - Shot by Raccoon Willie.
4:45 of 2nd period - Stopped by Joonas Korpisalo with a rebound.
4:52 of 2nd period - Icing by Brenden Dillon.
4:53 of 2nd period - Nick Suzuki wins face-off versus Ryan O'Reilly in Bunnies zone.
4:53 of 2nd period - Nick Suzuki is hit by Tanner Pearson.
5:05 of 2nd period - Minor Penalty to Brenden Dillon for Hooking.
5:06 of 2nd period - Jonathan Toews wins face-off versus Nick Suzuki in Bunnies zone.
5:07 of 2nd period - Shot by Erik Gudbranson.
5:07 of 2nd period - Shot Blocked by Jamie Benn.
5:25 of 2nd period - Shot by Ben Chiarot.
5:25 of 2nd period - Stopped by Joonas Korpisalo without a rebound.
5:26 of 2nd period - Sean Monahan wins face-off versus Nick Suzuki in Bunnies zone.
5:47 of 2nd period - Shot by Sean Monahan.
5:47 of 2nd period - Shot Misses the Net.
5:57 of 2nd period - Shot by Sean Monahan.
5:57 of 2nd period - Shot Misses the Net.
5:59 of 2nd period - Shot by Raccoon Willie.
5:59 of 2nd period - Shot Misses the Net.
6:01 of 2nd period - Shot by Sean Monahan.
6:01 of 2nd period - Shot Misses the Net.
6:29 of 2nd period - Shot by Anders Lee.
6:29 of 2nd period - Shot Blocked by David Savard.
6:31 of 2nd period - Shot by Erik Gudbranson.
6:31 of 2nd period - Stopped by Joonas Korpisalo without a rebound.
6:32 of 2nd period - Jonathan Toews wins face-off versus Nick Suzuki in Bunnies zone.
6:45 of 2nd period - Shot by Taylor Hall.
6:45 of 2nd period - Stopped by Joonas Korpisalo without a rebound.
6:46 of 2nd period - Nick Suzuki wins face-off versus Sean Monahan in Bunnies zone.
6:57 of 2nd period - Anthony Deangelo is hit by Raccoon Willie.
7:14 of 2nd period - Nazem Kadri is hit by Ben Chiarot and loses puck.
7:22 of 2nd period - Tanner Pearson is hit by Filip Hronek and loses puck.
7:31 of 2nd period - Shot by Matt Duchene.
7:31 of 2nd period - Stopped by Jordan Binnington without a rebound.
7:32 of 2nd period - Tyler Seguin wins face-off versus Ryan Strome in Trash Pandas zone.
8:02 of 2nd period - Nipples Tenderloin is hit by Erik Gudbranson and loses puck.
8:03 of 2nd period - Double Minor Penalty to Erik Gudbranson for High sticking.
8:04 of 2nd period - Ryan O'Reilly wins face-off versus Patrice Bergeron in Trash Pandas zone.
8:20 of 2nd period - Icing by Patrice Bergeron.
8:21 of 2nd period - Ryan O'Reilly wins face-off versus Patrice Bergeron in Bunnies zone.
8:34 of 2nd period - Shot by Erik Karlsson.
8:34 of 2nd period - Stopped by Jordan Binnington with a rebound.
8:36 of 2nd period - Shot by Jamie Benn.
8:36 of 2nd period - Shot Misses the Net.
8:38 of 2nd period - Shot by Jamie Benn.
8:38 of 2nd period - Stopped by Jordan Binnington with a rebound.
8:40 of 2nd period - Shot by Rickard Rakell.
8:40 of 2nd period - Shot Misses the Net.
8:42 of 2nd period - Shot by Rickard Rakell.
8:42 of 2nd period - Shot Blocked by Connor Murphy.
8:44 of 2nd period - Shot by Patrice Bergeron.
8:44 of 2nd period - Goal by Patrice Bergeron - Bunnies : 2 - Trash Pandas : 0.
8:45 of 2nd period - Nick Suzuki wins face-off versus Jonathan Toews in neutral zone.
8:48 of 2nd period - Shot by Anthony Deangelo.
8:48 of 2nd period - Shot Blocked by Sean Monahan.
9:04 of 2nd period - Shot by Nick Suzuki.
9:04 of 2nd period - Stopped by Jordan Binnington without a rebound.
9:05 of 2nd period - Jonathan Toews wins face-off versus Nick Suzuki in Trash Pandas zone.
9:05 of 2nd period - Jonathan Toews is hit by Nick Suzuki.
9:23 of 2nd period - Shot by Nick Suzuki.
9:23 of 2nd period - Deflect By Matt Duchene.
9:23 of 2nd period - Goal by Matt Duchene - Bunnies : 3 - Trash Pandas : 0.
9:24 of 2nd period - Tyler Seguin wins face-off versus Jonathan Toews in neutral zone.
9:55 of 2nd period - Icing by Jonathan Toews.
9:56 of 2nd period - Jonathan Toews wins face-off versus Jamie Benn in Trash Pandas zone.
10:00 of 2nd period - Off-side.
10:01 of 2nd period - Jamie Benn wins face-off versus Sean Monahan in neutral zone.
10:09 of 2nd period - Matt Duchene is hit by Erik Johnson and loses puck.
10:40 of 2nd period - Icing by Filip Hronek.
10:41 of 2nd period - Jamie Benn wins face-off versus Ryan Strome in Bunnies zone.
10:43 of 2nd period - Icing by Nazem Kadri.
10:44 of 2nd period - Jonathan Toews wins face-off versus Matt Duchene in Bunnies zone.
10:56 of 2nd period - Icing by Filip Hronek.
10:57 of 2nd period - Jamie Benn wins face-off versus Max Pacioretty in Bunnies zone.
11:18 of 2nd period - Shot by Ryan O'Reilly.
11:18 of 2nd period - Stopped by Joonas Korpisalo without a rebound.
11:19 of 2nd period - Jonathan Toews wins face-off versus Tyler Seguin in Bunnies zone.
11:44 of 2nd period - Shot by Jonathan Toews.
11:44 of 2nd period - Stopped by Joonas Korpisalo without a rebound.
11:45 of 2nd period - Ryan O'Reilly wins face-off versus Nick Suzuki in Bunnies zone.
11:48 of 2nd period - Shot by Ryan O'Reilly.
11:48 of 2nd period - Stopped by Joonas Korpisalo without a rebound.
11:49 of 2nd period - Nick Suzuki wins face-off versus Taylor Hall in Bunnies zone.
12:07 of 2nd period - Brenden Dillon is hit by Sean Monahan and loses puck.
12:18 of 2nd period - Shot by Taylor Hall.
12:18 of 2nd period - Shot Misses the Net.
12:45 of 2nd period - Raccoon Willie is hit by Nipples Tenderloin and loses puck.
13:02 of 2nd period - Shot by Raccoon Willie.
13:02 of 2nd period - Stopped by Joonas Korpisalo without a rebound.
13:03 of 2nd period - Jamie Benn wins face-off versus Ryan O'Reilly in Bunnies zone.
13:03 of 2nd period - Jamie Benn is hit by Max Pacioretty.
13:33 of 2nd period - Shot by Nazem Kadri.
13:33 of 2nd period - Shot Blocked by Connor Murphy.
13:34 of 2nd period - Minor Penalty to Connor Murphy for Holding.
13:35 of 2nd period - Patrice Bergeron wins face-off versus Ryan O'Reilly in Trash Pandas zone.
14:20 of 2nd period - Off-side.
14:21 of 2nd period - Jonathan Toews wins face-off versus Nick Suzuki in neutral zone.
14:21 of 2nd period - Jonathan Toews is hit by Nipples Tenderloin.
14:27 of 2nd period - Shot by Sean Monahan.
14:27 of 2nd period - Shot Blocked by Matt Duchene.
14:47 of 2nd period - Shot by Sean Monahan.
14:47 of 2nd period - Stopped by Joonas Korpisalo without a rebound.
14:48 of 2nd period - Ryan O'Reilly wins face-off versus Nick Suzuki in Bunnies zone.
15:20 of 2nd period - Icing by Anthony Deangelo.
15:21 of 2nd period - Ryan O'Reilly wins face-off versus Nipples Tenderloin in Bunnies zone.
15:47 of 2nd period - Raccoon Willie is hit by Brenden Dillon.
16:11 of 2nd period - Brenden Dillon is hit by Connor Murphy and loses puck.
17:11 of 2nd period - Icing by Patrice Bergeron.
17:12 of 2nd period - Ryan O'Reilly wins face-off versus Patrice Bergeron in Bunnies zone.
18:05 of 2nd period - Shot by Vladimir Tarasenko.
18:05 of 2nd period - Stopped by Jordan Binnington without a rebound.
18:06 of 2nd period - Jamie Benn wins face-off versus Ryan Strome in Trash Pandas zone.
18:15 of 2nd period - Shot by Sean Kuraly.
18:15 of 2nd period - Stopped by Joonas Korpisalo without a rebound.
18:16 of 2nd period - Nick Suzuki wins face-off versus Jonathan Toews in Bunnies zone.
19:25 of 2nd period - Shot by Patrice Bergeron.
19:25 of 2nd period - Deflect By Rickard Rakell.
19:25 of 2nd period - Stopped by Jordan Binnington with a rebound.
19:43 of 2nd period - Shot by Nipples Tenderloin.
19:43 of 2nd period - Stopped by Jordan Binnington without a rebound.
19:44 of 2nd period - Jamie Benn wins face-off versus Ryan O'Reilly in Trash Pandas zone.
19:45 of 2nd period - Shot by Nazem Kadri.
19:45 of 2nd period - Deflect By Jamie Benn.
19:45 of 2nd period - Stopped by Jordan Binnington without a rebound.
19:46 of 2nd period - Ryan O'Reilly wins face-off versus Jamie Benn in Trash Pandas zone.
Goals for this period are 2 for Bunnies vs 0 for Trash Pandas.
Shots for this period are 10 for Bunnies vs 12 for Trash Pandas.

3rd period


0:01 of 3rd period - Tyler Seguin wins face-off versus Ryan Strome in neutral zone.
0:19 of 3rd period - Off-side.
0:20 of 3rd period - Jamie Benn wins face-off versus Ryan O'Reilly in neutral zone.
0:33 of 3rd period - Shot by Nazem Kadri.
0:33 of 3rd period - Shot Blocked by Erik Johnson.
0:35 of 3rd period - Shot by Matt Duchene.
0:35 of 3rd period - Shot Blocked by Erik Johnson.
0:37 of 3rd period - Shot by Nazem Kadri.
0:37 of 3rd period - Shot Misses the Net.
0:57 of 3rd period - Shot by Matt Duchene.
0:57 of 3rd period - Shot Misses the Net.
1:21 of 3rd period - Ben Chiarot is hit by Rickard Rakell and loses puck.
4:37 of 3rd period - Icing by Ben Chiarot.
4:38 of 3rd period - Ryan O'Reilly wins face-off versus Jamie Benn in Trash Pandas zone.
4:48 of 3rd period - Minor Penalty to Connor Murphy for Tripping.
4:49 of 3rd period - Ryan O'Reilly wins face-off versus Patrice Bergeron in Trash Pandas zone.
5:51 of 3rd period - Shot by Raccoon Willie.
5:51 of 3rd period - Shot Misses the Net.
6:01 of 3rd period - Shot by Erik Karlsson.
6:01 of 3rd period - Shot Misses the Net.
6:03 of 3rd period - Shot by Filip Hronek.
6:03 of 3rd period - Stopped by Jordan Binnington without a rebound.
6:04 of 3rd period - Nazem Kadri wins face-off versus Jonathan Toews in Trash Pandas zone.
8:41 of 3rd period - Shot by Jamie Benn.
8:41 of 3rd period - Shot Blocked by Erik Gudbranson.
9:15 of 3rd period - Nipples Tenderloin is hit by Connor Murphy and loses puck.
9:36 of 3rd period - Shot by Ryan O'Reilly.
9:36 of 3rd period - Stopped by Joonas Korpisalo without a rebound.
9:37 of 3rd period - Nick Suzuki wins face-off versus Sean Monahan in Bunnies zone.
10:01 of 3rd period - Icing by Erik Karlsson.
10:02 of 3rd period - Nick Suzuki wins face-off versus Ryan O'Reilly in Bunnies zone.
10:02 of 3rd period - Nick Suzuki is hit by Max Pacioretty.
10:19 of 3rd period - Minor Penalty to Connor Murphy for Boarding.
10:20 of 3rd period - Ryan O'Reilly wins face-off versus Patrice Bergeron in Trash Pandas zone.
10:41 of 3rd period - Shot by Patrice Bergeron.
10:41 of 3rd period - Shot Misses the Net.
10:43 of 3rd period - Shot by Anthony Deangelo.
10:43 of 3rd period - Deflect By Patrice Bergeron.
10:43 of 3rd period - Shot Misses the Net.
10:45 of 3rd period - Shot by Jamie Benn.
10:45 of 3rd period - Stopped by Jordan Binnington with a rebound.
10:57 of 3rd period - Shot by Jeff Petry.
10:57 of 3rd period - Shot Blocked by Ben Chiarot.
10:59 of 3rd period - Shot by Rickard Rakell.
10:59 of 3rd period - Stopped by Jordan Binnington without a rebound.
11:00 of 3rd period - Jonathan Toews wins face-off versus Matt Duchene in Trash Pandas zone.
12:25 of 3rd period - Nick Jensen is hit by Anders Lee and loses puck.
12:38 of 3rd period - Shot by Brayden Schenn.
12:38 of 3rd period - Stopped by Jordan Binnington without a rebound.
12:39 of 3rd period - Nick Suzuki wins face-off versus Jonathan Toews in Trash Pandas zone.
12:56 of 3rd period - Off-side.
12:57 of 3rd period - Jamie Benn wins face-off versus Sean Monahan in neutral zone.
12:57 of 3rd period - Jamie Benn is hit by Anders Lee.
13:21 of 3rd period - Shot by Taylor Hall.
13:21 of 3rd period - Stopped by Joonas Korpisalo without a rebound.
13:22 of 3rd period - Patrice Bergeron wins face-off versus Jonathan Toews in Bunnies zone.
13:22 of 3rd period - Patrice Bergeron is hit by Martin Pospisil.
14:27 of 3rd period - Off-side.
14:28 of 3rd period - Ryan O'Reilly wins face-off versus Jamie Benn in neutral zone.
14:53 of 3rd period - David Savard is hit by Tanner Pearson and loses puck.
15:02 of 3rd period - Shot by Ryan O'Reilly.
15:02 of 3rd period - Shot Blocked by David Savard.
15:34 of 3rd period - Shot by Brayden Schenn.
15:34 of 3rd period - Deflect By Nipples Tenderloin.
15:34 of 3rd period - Stopped by Jordan Binnington with a rebound.
15:36 of 3rd period - Shot by Erik Karlsson.
15:36 of 3rd period - Shot Misses the Net.
15:46 of 3rd period - Shot by Sean Monahan.
15:46 of 3rd period - Shot Blocked by Brenden Dillon.
16:31 of 3rd period - Raccoon Willie is hit by Jeff Petry and loses puck.
17:32 of 3rd period - Shot by Tanner Pearson.
17:32 of 3rd period - Shot Blocked by Nick Suzuki.
17:43 of 3rd period - Shot by Max Pacioretty.
17:43 of 3rd period - Shot Misses the Net.
18:25 of 3rd period - Off-side.
18:26 of 3rd period - Ryan Strome wins face-off versus Rickard Rakell in neutral zone.
18:30 of 3rd period - Ben Chiarot is hit by Erik Karlsson and loses puck.
19:21 of 3rd period - Shot by Anders Lee.
19:21 of 3rd period - Shot Misses the Net.
19:23 of 3rd period - Shot by Connor Murphy.
19:23 of 3rd period - Shot Misses the Net.
19:25 of 3rd period - Shot by Anders Lee.
19:25 of 3rd period - Stopped by Joonas Korpisalo with a rebound.
19:35 of 3rd period - Shot by Taylor Hall.
19:35 of 3rd period - Stopped by Joonas Korpisalo without a rebound.
19:36 of 3rd period - Jamie Benn wins face-off versus Ryan O'Reilly in Bunnies zone.
Goals for this period are 0 for Bunnies vs 0 for Trash Pandas.
Shots for this period are 5 for Bunnies vs 4 for Trash Pandas.